 Dungeon Crawl Stone Soup version 0.20.1-1-g8b1a95d (webtiles) character file.

1360 TheGuigne the Basher (level 8, -9/46 HPs)
             Began as a Gargoyle Monk on Aug 26, 2017.
             Mangled by a two-headed ogre
             ... wielding a +0 giant club
              (10 damage)
             ... on level 6 of the Dungeon.
             The game lasted 00:17:18 (6207 turns).

TheGuigne the Basher (Gargoyle Monk)                Turns: 6207, Time: 00:17:18

Health: -9/46      AC: 16    Str: 16    XL:     8   Next: 64%
Magic:  0/8        EV:  4    Int: 12    God:
Gold:   339        SH:  7    Dex: 12    Spells: 7/7 levels left

rFire    + . .     SeeInvis .   k - -3 morningstar (curse)
rCold    . . .     Gourm    .   h - +0 shield
rNeg     + . .     Faith    .   x - +1 chain mail {MR+}
rPois    ∞         Spirit   +   q - +1 hat
rElec    +         Reflect  .   (no cloak)
rCorr    .         Harm     .   (no gloves)
MR       +....                  A - +0 pair of boots
Stlth    ..........             o - amulet of guardian spirit
Regen    0.2/turn               (no ring)
MPRegen  0.2/turn               w - ring of protection from fire

@: no status effects
A: negative energy resistance 1, electricity resistance, unbreathing,
petrification resistance, rot immunity, AC +5
a: no special abilities


You were on level 6 of the Dungeon.
You were not hungry.

You visited 1 branch of the dungeon, and saw 6 of its levels.

You collected 339 gold pieces.

Inventory:

Hand Weapons
 a - a +0 whip
 b - a +0 hunting sling
 k - a cursed -3 morningstar (weapon)
Missiles
 g - 174 stones (quivered)
 u - 19 sling bullets
Armour
 e - a +0 scale mail
 h - a +0 shield (worn)
 q - a +1 hat (worn)
 x - a +1 chain mail of magic resistance (worn)
 A - a +0 pair of boots (worn)
Magical Staves
 y - an uncursed staff of conjuration
Jewellery
 n - an uncursed ring of ice
 o - an amulet of guardian spirit (around neck)
 w - a ring of protection from fire (right hand)
Scrolls
 f - a scroll of fog
 m - a scroll of immolation {unknown}
 r - a scroll of enchant weapon {unknown}
 t - 2 scrolls of amnesia {unknown}
 v - a scroll of fear {unknown}
 C - a scroll of teleportation {unknown}
Potions
 d - a potion of cancellation
 j - a potion of lignification
 l - 4 potions of curing
 z - a potion of resistance
 B - a potion of might
Comestibles
 c - 6 bread rations
 i - a fruit
 p - 2 meat rations
 s - 5 royal jellies


   Skills:
 - Level 3.2 Fighting
 + Level 10.6 Maces & Flails
 - Level 2.4 Dodging
 - Level 2.1 Stealth


You had 7 spell levels left.
You didn't know any spells.

Dungeon Overview and Level Annotations

Branches:
Dungeon (6/15)
 Temple: D:4-7

Altars:
Dithmenos
Gozag
Makhleb
Nemelex Xobeh
Beogh

Shops:
D:6 *


Innate Abilities, Weirdness & Mutations

You are resistant to torment.
Your stone body is resilient. (AC +5)
You are immune to poison.
You resist negative energy. (rN+)
You are resistant to electric shocks. (rElec)
You can survive without breathing.
You are immune to petrification.
You are immune to rotting.


Message History

You puncture the two-headed ogre!
The two-headed ogre is heavily wounded.
The two-headed ogre hits you but does no damage.
You block the two-headed ogre's attack.
You hit the two-headed ogre but do no damage.
The two-headed ogre is heavily wounded.
You hit the two-headed ogre but do no damage.
The two-headed ogre is heavily wounded.
You block the two-headed ogre's attack.
The two-headed ogre hits you with a giant club.
You puncture the two-headed ogre!
The two-headed ogre is severely wounded.
You block the two-headed ogre's attack.
The two-headed ogre hits you but does no damage.
You puncture the two-headed ogre!
The two-headed ogre is almost dead.
The two-headed ogre hits you with a giant club!!
* * * LOW HITPOINT WARNING * * *
The two-headed ogre hits you with a giant club!
You die...

#.....#........
....#........
#.)........ #.# #.# #.#
#.# #O# #@# ###########
#.# #.........#
###.####.#######.#
#................#
#.⌠..............#
#................#
.#.#.##∩..............#
...#.##.#.............#
..#.##_..............#


You could see a two-headed ogre.

Vanquished Creatures
  Grinder (D:4)
  Duvessa (D:4)
  A phantom (D:5)
  Blork the orc (D:4)
  A gnoll sergeant (D:4)
  Dowan (D:4)
  A scorpion (D:4)
  4 wights
  2 crimson imps
  A bullfrog skeleton (D:5)
  2 orc priests (D:3)
  A centaur skeleton (D:5)
  3 orc wizards
  Terence (D:2)
  2 worker ants (D:4)
  9 adders
  7 gnolls
  An adder zombie (D:5)
  An adder skeleton (D:4)
  A worm (D:3)
  4 leopard geckos
  14 orcs
  2 giant cockroaches
  6 goblins
  4 hobgoblins
  7 jackals
  A quokka (D:5)
  5 bats
  3 frilled lizards
  A jackal zombie (D:5)
  5 kobolds
  A leopard gecko zombie (D:5)
  2 rats
97 creatures vanquished.

Notes
Turn   | Place    | Note
-------+----------+-------------------------------------------
     0 | D:1      | TheGuigne the Gargoyle Monk began the quest for the Orb.
     0 | D:1      | Reached XP level 1. HP: 14/14 MP: 1/1
   234 | D:1      | Reached XP level 2. HP: 14/19 MP: 2/2
   588 | D:1      | Reached skill level 4 in Maces & Flails
   932 | D:2      | Found a shadowy altar of Dithmenos.
   992 | D:2      | Reached XP level 3. HP: 23/23 MP: 3/3
  1541 | D:2      | Found a sparkling altar of Nemelex Xobeh.
  1541 | D:2      | Found an opulent altar of Gozag.
  1635 | D:3      | Found a roughly hewn altar of Beogh.
  1651 | D:3      | HP: 1/23 [orc/falchion (2)]
  1663 | D:3      | Reached XP level 4. HP: 19/28 MP: 4/4
  1665 | D:3      | Reached skill level 5 in Maces & Flails
  1854 | D:3      | Reached XP level 5. HP: 32/32 MP: 5/5
  2105 | D:3      | Noticed Terence
  2179 | D:2      | Killed Terence
  2263 | D:3      | Reached skill level 6 in Maces & Flails
  2691 | D:4      | Reached XP level 6. HP: 33/37 MP: 6/6
  2952 | D:4      | Reached skill level 7 in Maces & Flails
  3134 | D:4      | Noticed Grinder
  3139 | D:4      | Paralysed by Grinder for 3 turns
  3159 | D:4      | Paralysed by Grinder for 6 turns
  3187 | D:4      | Paralysed by Grinder for 4 turns
  3233 | D:4      | Killed Grinder
  3233 | D:4      | Reached skill level 8 in Maces & Flails
  3233 | D:4      | Reached XP level 7. HP: 41/41 MP: 7/7
  3322 | D:4      | Found a burning altar of Makhleb.
  3347 | D:4      | Noticed Duvessa
  3348 | D:4      | Noticed Dowan
  3422 | D:4      | Killed Duvessa
  3430 | D:4      | Killed Dowan
  3924 | D:4      | Reached skill level 9 in Maces & Flails
  4062 | D:4      | Noticed Blork the orc
  4078 | D:4      | Killed Blork the orc
  4358 | D:4      | Reached XP level 8. HP: 44/46 MP: 8/8
  4674 | D:5      | Entered Level 5 of the Dungeon
  5366 | D:5      | Reached skill level 10 in Maces & Flails
  6085 | D:6      | Found a burning altar of Makhleb.
  6085 | D:6      | Found Atuvesarph's Sacrilege Store.
  6190 | D:6      | Noticed a two-headed ogre
  6207 | D:6      | HP: 1/46 [two-headed ogre/giant club (17)]
  6207 | D:6      | Mangled by a two-headed ogre

Skill      XL: |  1  2  3  4  5  6  7  8 |
---------------+-------------------------+-----
Maces & Flails | 4 5 6 8 9 10 | 10.6
Fighting       | |  3.2
Dodging        | |  2.4
Stealth        | |  2.1

Action                   |  1- 3 |  4- 6 |  7- 9 || total
-------------------------+-------+-------+-------++-------
Melee: Whip              |    86 |   297 |   317 ||   700
       Mace              |     6 |       |       ||     6
       Morningstar       |       |       |   139 ||   139
 Fire: Hunting sling     |    37 |    71 |    25 ||   133
  Use: Potion            |     4 |     1 |     2 ||     7
       Scroll            |       |     6 |     2 ||     8
 Stab: Sleeping          |     1 |       |       ||     1
  Eat: Chunk             |     2 |     5 |     9 ||    16
       Fruit             |       |       |     2 ||     2
Armor: Scale mail        |    86 |    32 |       ||   118
       Robe              |     1 |       |       ||     1
       Chain mail        |       |    96 |   180 ||   276
       Skin              |       |       |    24 ||    24
Dodge: Dodged            |    50 |    59 |    57 ||   166
Block: Shield            |    47 |    95 |   128 ||   270
